 Dungeon Crawl Stone Soup version 0.25.1-8-g42b30a86e7 (webtiles) character file.

Game seed: 891805653890119492

89635 Dustman the Nimble (level 16, -3/129 HPs)
             Began as a Human Gladiator on Dec 17, 2020.
             Was the Champion of Nemelex Xobeh.
             Slain by a +2 dire flail of draining (5 damage)
             ... on level 1 of the Elven Halls on Dec 18, 2020.
             The game lasted 03:42:12 (17963 turns).

Dustman the Nimble (Human Gladiator)               Turns: 17963, Time: 03:42:24

Health: -3/129     AC: 19    Str: 28    XL:     16   Next: 44%
Magic:  25/25      EV: 17    Int:  9    God:    Nemelex Xobeh [******]
Gold:   396        SH:  0    Dex: 20    Spells: 15/15 levels left

rFire    + + +     SeeInvis .   a - +5 quarterstaff (freeze)
rCold    . . .     Gourm    .   (shield currently unavailable)
rNeg     . . .     Faith    .   L - +0 fire dragon scales
rPois    +         Spirit   .   M - +0 helmet of Suxih {rC+ Slay+3}
rElec    .         Reflect  .   b - +0 cloak
rCorr    .         Harm     .   y - +1 pair of gloves
MR       +....                  z - +2 pair of boots {run}
Stlth    +.........             h - amulet "Qalip" {Acrobat rPois rF+}
HPRegen  0.31/turn              s - +6 ring of strength
MPRegen  0.19/turn              v - +6 ring of strength

@: very heavily drained, quick
A: no striking features
a: Draw Escape, Draw Destruction, Draw Summoning, Triple Draw, Deal Four, Stack
Five, Renounce Religion


You were on level 1 of the Elven Halls.
You worshipped Nemelex Xobeh.
Nemelex Xobeh was exalted by your worship.
You were very hungry.

You visited 5 branches of the dungeon, and saw 26 of its levels.
You also visited: Gauntlet.

You collected 1960 gold pieces.
You spent 1564 gold pieces at shops.

Inventory:

Hand Weapons
 a - a +5 quarterstaff of freezing (weapon)
 u - a +2 war axe of electrocution
 w - a +5 vorpal battleaxe
Missiles
 d - 4 throwing nets
 j - 48 boomerangs (quivered)
 n - 4 silver javelins
 H - 21 javelins
Armour
 b - a +0 cloak (worn)
 p - the cursed +0 helmet of Bouhemif {rC+++ Str-2 Dex+4}
   (You bought it in a shop on level 2 of the Orcish Mines)

   It affects your strength (-2).
   It affects your dexterity (+4).
   It renders you almost immune to cold.
   It has a curse placed upon it.
 q - +2 shadow dragon scales
 y - a +1 pair of gloves (worn)
 z - a +2 pair of boots of running (worn)
 L - +0 fire dragon scales (worn)
 M - the +0 helmet of Suxih (worn) {rC+ Slay+3}
   (You found it in a Gauntlet)

   It affects your accuracy and damage with ranged weapons and melee attacks
   (+3).
   It protects you from cold.
Jewellery
 h - the amulet "Qalip" (around neck) {Acrobat rPois rF+}
   (You bought it in a shop on level 2 of the Orcish Mines)

   [amulet of the acrobat]

   It helps you evade while moving and waiting.
   It protects you from fire.
   It protects you from poison.
 s - a +6 ring of strength (left hand)
 v - a +6 ring of strength (right hand)
 G - a +6 ring of intelligence
 J - an uncursed ring of protection from fire
Wands
 c - a wand of disintegration (10)
 k - a wand of polymorph (17)
 t - a wand of clouds (7)
 x - a wand of flame (13)
 P - a wand of digging (2)
Scrolls
 m - 3 scrolls of remove curse
 r - 3 scrolls of immolation
 B - 5 scrolls of teleportation
 D - a scroll of silence
 I - 2 scrolls of fear
Potions
 e - a potion of stabbing
 g - 6 potions of haste
 i - 3 potions of might
 l - 3 potions of curing
 A - a potion of lignification
 C - 3 potions of mutation
 E - 2 potions of flight
 F - 6 potions of brilliance
Miscellaneous
 K - a lightning rod (4/4)
Comestibles
 f - 21 rations


   Skills:
 + Level 12.5(8.4) Fighting
 + Level 12.5(8.4) Staves
 - Level 4.0(0.7) Throwing
 - Level 12.0(8.0) Armour
 + Level 12.8(8.7) Dodging
 + Level 5.8(2.4) Stealth
 - Level 12.0(8.0) Invocations
 + Level 5.5(2.1) Evocations


You had 15 spell levels left.
You didn't know any spells.
Your spell library contained the following spells:

 Spells                   Type           Power        Failure   Level  Hunger
 Animate Skeleton         Necr           N/A          67%         1    ##.....
 Apportation              Tloc           #.....       67%         1    ##.....
 Beastly Appendage        Tmut           #.....       67%         1    ##.....
 Corona                   Hex            #......      67%         1    ##.....
 Magic Dart               Conj           #...         67%         1    ##.....
 Sandblast                Erth           #.....       67%         1    ##.....
 Summon Small Mammal      Summ           #...         67%         1    ##.....
 Blink                    Tloc           N/A          80%         2    ###....
 Call Imp                 Summ           #.......     80%         2    ###....
 Passwall                 Tmut/Erth      #.......     80%         2    ###....
 Slow                     Hex            #.......     80%         2    ###....
 Sticks to Snakes         Tmut           #.......     80%         2    ###....
 Conjure Flame            Conj/Fire      #.......     95%         3    ####...
 Mephitic Cloud           Conj/Pois/Air  #.......     95%         3    ####...
 Spider Form              Tmut/Pois      #.........   95%         3    ####...
 Stone Arrow              Conj/Erth      #.....       95%         3    ####...
 Ice Form                 Ice/Tmut       #.......     100%        4    #####..
 Petrify                  Tmut/Erth      #.......     100%        4    #####..
 Blade Hands              Tmut           #.........   100%        5    ######.
 Lee's Rapid Deconstruct  Erth           #.........   100%        5    ######.
 Starburst                Conj/Fire      #.........   100%        6    #######
 Ring of Flames           Chrm/Fire      #.........   100%        7    #######


Dungeon Overview and Level Annotations

Branches:
Dungeon (15/15)            Temple (1/1) D:4            Lair (6/6) D:11
 Shoals (0/4) Lair:2        Slime (0/5) Lair:5          Orc (2/2) D:12
    Elf (2/3) Orc:2        Vaults (0/5) D:14        Gauntlet (visited)
  Snake: Lair:2-4    Spider: Lair:2-4    Depths: D:15

Altars:
Ashenzari
Cheibriados
Dithmenos
Elyvilon
Fedhas
Gozag
Hepliaklqana
Kikubaaqudgha
Makhleb
Nemelex Xobeh
Okawaru
Qazlal
Ru
Sif Muna
Trog
Uskayaw
Vehumet
Wu Jian
Xom
Yredelemnul
Zin
The Shining One
Beogh

Shops:
D:4 (   D:5 [[*   D:10 :   D:14 *   D:15 *   Orc:1 [   Orc:2 ([=[

Annotations:
D:3 Sigmund
D:4 Eustachio
D:5 Edmund
D:8 Maurice
D:12 exclusions: oklob plant and oklob sapling
D:13 2 runed translucent doors, ioannis32's ghost, journeyman DsBe
Lair:1 Joseph
Lair:3 Fannar, Gastronok, Snorg
Elf:1 Kirke


Message History

You feel drained.
Your fire dragon scales prevents you from hitting the +2 dire flail of draining.
The +2 dire flail of draining is moderately damaged.
The +2 dire flail of draining hits you.
You feel drained.
You sock the +2 dire flail of draining!
The +2 dire flail of draining is severely damaged.
The +2 dire flail of draining hits you!
You feel drained.
You hit the +2 dire flail of draining.
The +2 dire flail of draining is almost destroyed.
The +2 dire flail of draining hits you!
* * * LOW HITPOINT WARNING * * *
You feel drained.
* * * LOW HITPOINT WARNING * * *
You closely miss the +2 dire flail of draining.
The +2 dire flail of draining is almost destroyed.
The +2 dire flail of draining hits you!!
* * * LOW HITPOINT WARNING * * *
You feel drained.
You die...
Your body glows with a rainbow of weird colours and disappears.

#.........# # #.........#
# ##### #.....!...##.
#######...# ##.........#.#
......#.#.###...........##
...........).............#
..#.####+####.#...........
....# #............# ..###
###.@(.......# ..#
#.##.####.. #.# #.#...# .
..# #.....# .e #.+ +.#.#.#
... ..# #....#.##.. . ..#
#..>.##.# ... #)#
#....#.##.... #.###
#.###........


You could see a +2 dire flail of draining.

Vanquished Creatures
  2 orc warlords (Orc:2)
  Azrael (Elf:1)
  A minotaur (Gauntlet)
  3 vault guards (D:14)
  2 hydras (Lair:6)
  A centaur warrior (D:12)
  13 dancing weapons
  7 two-headed ogres
  6 orc high priests
  A shock serpent (D:13)
  4 deep elf knights (Elf:2)
  A fire crab (Gauntlet)
  An unseen horror (D:12)
  A wizard (D:14)
  6 spiny frogs
  A deep elf archer (Elf:1)
  5 orc knights
  A lindwurm (Lair:6)
  A necromancer (D:14)
  An ugly thing (D:13)
  2 phantasmal warriors (D:15)
  2 orc sorcerers
  3 cyclopes
  11 deep elf magi
  3 manticores
  5 elephants (Lair:2)
  4 black mambas
  2 molten gargoyles (Lair:6)
  A gargoyle (D:9)
  10 komodo dragons
  2 kobold demonologists
  A yaktaur (shapeshifter) (Elf:1)
  11 trolls
  An ice devil (Orc:1)
  A tengu conjurer (D:13)
  A wind drake (Orc:2)
  A hornet (D:12)
  A jumping spider (shapeshifter) (D:15)
  4 hippogriffs
  A dream sheep (Orc:2)
  2 shadows
  A wraith (D:15)
  2 vampires (D:14)
  3 fire bats (Gauntlet)
  An air elemental (Orc:2)
  20 humans (D:14)
  7 wyverns
  3 steam dragons
  3 fire elementals (Elf:1)
  31 yaks
  3 hungry ghosts
  5 basilisks
  9 wargs
  2 acid dragons
  Menkaure (D:5)
  12 hell hounds
  9 water moccasins
  7 porcupines
  4 sky beasts
  4 ice beasts
  49 orc warriors
  5 black bears
  An eye of draining (shapeshifter) (Elf:1)
  5 phantoms
  17 ogres
  5 wolves (Lair:3)
  14 centaurs
  8 crocodiles
  14 bullfrogs
  4 big kobolds
  2 wyvern zombies
  3 scorpions
  20 killer bees
  3 wights (D:15)
  3 electric eels
  2 howler monkeys (D:10)
  6 crimson imps
  5 centaur zombies
  4 lava snakes (Lair:6)
  4 quasits
  A bullfrog zombie (D:12)
  30 orc priests
  4 centaur skeletons
  A gnoll shaman (D:10)
  7 hounds
  6 jellies
  2 bullfrog skeletons
  5 iguanas
  23 orc wizards
  7 worker ants
  3 hound skeletons
  A mummy (D:6)
  A howler monkey zombie (D:10)
  3 gnolls (D:10)
  19 adders
  A river rat (D:14)
  4 shadow imps
  An ooze (Lair:5)
  2 adder skeletons
  2 adder zombies
  A worm (D:3)
  11 dart slugs
  5 leopard geckos
  100 orcs
  9 bats
  5 giant cockroaches
  9 goblins
  6 hobgoblins
  2 jackals (D:5)
  A quokka (D:3)
  6 ball pythons (D:12)
  4 frilled lizards
  A hobgoblin zombie (D:6)
  26 kobolds
  A kobold zombie (D:6)
  A leopard gecko skeleton (D:5)
  A leopard gecko zombie (D:6)
  A quokka zombie (D:5)
  7 rats
  A plant (D:12)
750 creatures vanquished.

Vanquished Creatures (collateral kills)
  A fire dragon (Lair:6)
  2 dancing weapons (Elf:2)
  2 deep elf knights (Elf:2)
  A deep elf mage (Elf:2)
  A spiny frog (Lair:6)
  A komodo dragon (Lair:6)
  3 yaks (Lair:1)
  An orc warrior (Orc:2)
  A centaur (D:11)
  A water moccasin skeleton (D:6)
  An orc wizard (D:11)
  3 orcs (D:11)
18 creatures vanquished.

Vanquished Creatures (others)
  A deep elf knight (Elf:1)
  A rime drake (Gauntlet)
  An orc warrior (D:11)
  A porcupine (D:11)
  A water moccasin (Lair:3)
  A bullfrog (Lair:1)
  An orc priest (Orc:2)
  A gnoll (D:10)
  2 fungi
  10 plants
  A withered plant (Gauntlet)
21 creatures vanquished.

Grand Total: 789 creatures vanquished

Notes
Turn   | Place    | Note
-------+----------+-------------------------------------------
     0 | D:1      | Dustman the Human Gladiator began the quest for the Orb.
     0 | D:1      | Reached XP level 1. HP: 16/16 MP: 1/1
    97 | D:1      | Reached XP level 2. HP: 20/22 MP: 2/2
   480 | D:1      | Reached XP level 3. HP: 25/27 MP: 3/3
   547 | D:2      | Reached skill level 1 in Stealth
   623 | D:3      | Reached skill level 1 in Armour
   689 | D:4      | Found a staircase to the Ecumenical Temple.
   700 | Temple   | Entered the Ecumenical Temple
   748 | Temple   | Became a worshipper of Nemelex Xobeh the Trickster
   763 | D:4      | Noticed a phantom
   771 | D:3      | Reached XP level 4. HP: 34/34 MP: 4/4
   917 | D:3      | Reached XP level 5. HP: 21/39 MP: 5/5
   921 | D:3      | Noticed Sigmund
   927 | D:3      | Received a gift from Nemelex Xobeh
  1191 | D:4      | Found a blossoming altar of Fedhas.
  1228 | D:5      | Entered Level 5 of the Dungeon
  1228 | D:5      | Found Faen's Armour Shoppe.
  1260 | D:5      | Reached * piety under Nemelex Xobeh
  1260 | D:5      | Noticed an ice beast
  1274 | D:4      | Found Maapt's Weapon Boutique.
  1365 | D:4      | Found an ornate altar of the Wu Jian Council.
  1366 | D:4      | Noticed Eustachio
  1842 | D:2      | Found a glowing silver altar of Zin.
  1880 | D:2      | You fall into a shaft and drop 1 floor!
  1960 | D:5      | Found Aggue's Antique Armour Boutique.
  1963 | D:5      | Reached XP level 6. HP: 47/47 MP: 6/6
  1973 | D:5      | Noticed a sky beast
  1986 | D:5      | Killed a sky beast
  1990 | D:5      | Reached XP level 7. HP: 16/52 MP: 7/7
  1997 | D:5      | You fall into a shaft and drop 1 floor!
  1997 | D:6      | Received a gift from Nemelex Xobeh
  2237 | D:7      | Reached ** piety under Nemelex Xobeh
  2253 | D:7      | Found a shimmering altar of Xom.
  2258 | D:7      | Found a shimmering altar of Xom.
  2261 | D:7      | Found a shimmering altar of Xom.
  2261 | D:7      | Found a shimmering altar of Xom.
  2261 | D:7      | Found a shimmering altar of Xom.
  2262 | D:7      | Found a shimmering altar of Xom.
  2262 | D:7      | Found a shimmering altar of Xom.
  2348 | D:7      | Reached skill level 1 in Invocations
  2371 | D:8      | Found an ancient bone altar of Kikubaaqudgha.
  2482 | D:9      | Noticed a wraith
  2503 | D:9      | Noticed a two-headed ogre
  2525 | D:7      | Reached XP level 8. HP: 60/60 MP: 9/9
  2580 | D:6      | Received a gift from Nemelex Xobeh
  2586 | D:6      | Reached skill level 5 in Dodging
  2927 | D:6      | Received a gift from Nemelex Xobeh
  3034 | D:6      | Found a bloodstained altar of Trog.
  3197 | D:5      | Found Bicve's General Store.
  3207 | D:5      | Reached XP level 9. HP: 45/67 MP: 11/11
  3211 | D:5      | Bought a scroll of silence for 97 gold pieces
  3218 | D:5      | Reached *** piety under Nemelex Xobeh
  3229 | D:5      | Reached skill level 5 in Fighting
  3250 | D:5      | Noticed Edmund
  3283 | D:5      | Noticed Menkaure
  3297 | D:5      | Killed Menkaure
  3297 | D:5      | Reached skill level 5 in Staves
  3344 | D:5      | Found a shimmering blue altar of Sif Muna.
  3355 | D:5      | Found a white marble altar of Elyvilon.
  3419 | D:4      | Received a gift from Nemelex Xobeh
  3520 | D:4      | Reached skill level 5 in Armour
  3603 | D:4      | Found an iron altar of Okawaru.
  3898 | D:5      | Bought a pair of glowing boots for 195 gold pieces
  3937 | D:6      | Identified a +2 pair of boots of running (You bought it in
                  | a shop on level 5 of the Dungeon)
  4037 | D:7      | Reached skill level 5 in Invocations
  4168 | D:7      | Reached XP level 10. HP: 51/76 MP: 13/13
  4319 | D:7      | Noticed a mana viper
  4450 | D:8      | Received a gift from Nemelex Xobeh
  4801 | D:9      | Reached **** piety under Nemelex Xobeh
  4817 | D:10     | Entered Level 10 of the Dungeon
  4840 | D:10     | Found Rocrit's Book Boutique.
  4910 | D:11     | Noticed a kobold demonologist
  5031 | D:10     | Received a gift from Nemelex Xobeh
  5230 | D:11     | Reached skill level 1 in Evocations
  5303 | D:11     | Reached XP level 11. HP: 61/84 MP: 15/15
  5889 | D:10     | Received a gift from Nemelex Xobeh
  6021 | D:8      | Noticed Maurice
  6215 | D:11     | Found a staircase to the Lair.
  6240 | Lair:1   | Entered Level 1 of the Lair of Beasts
  6527 | Lair:1   | Received a gift from Nemelex Xobeh
  6627 | Lair:1   | Killed a spiny frog
  6656 | Lair:1   | Identified the cursed +1 chain mail of Polytheism {rC+
                  | Str+3} (You found it on level 1 of the Lair of Beasts)
  6705 | Lair:1   | Reached ***** piety under Nemelex Xobeh
  6714 | Lair:1   | Noticed Joseph
  6772 | Lair:2   | Noticed an elephant
  6923 | Lair:3   | Noticed Snorg
  6969 | Lair:2   | Reached XP level 12. HP: 51/92 MP: 17/17
  6981 | Lair:2   | Found a staircase to the Shoals.
  7044 | Lair:3   | Noticed Gastronok
  7065 | Lair:3   | Noticed Fannar
  7299 | Lair:3   | Received a gift from Nemelex Xobeh
  7478 | Lair:5   | Found a staircase to the Slime Pits.
  7522 | Lair:5   | Noticed a death yak
  7527 | Lair:5   | Noticed a death yak
  7528 | Lair:5   | Noticed a death yak
  7529 | Lair:5   | Noticed a death yak
  7530 | Lair:6   | Entered Level 6 of the Lair of Beasts
  7530 | Lair:6   | Received a gift from Nemelex Xobeh
  7530 | Lair:6   | Noticed a six-headed hydra
  7885 | Lair:6   | Killed a six-headed hydra
  8266 | Lair:5   | Received a gift from Nemelex Xobeh
  8585 | Lair:5   | Reached XP level 13. HP: 66/101 MP: 19/19
  8589 | Lair:5   | Noticed a catoblepas
  8788 | Lair:6   | Noticed a fire dragon
  8822 | Lair:6   | Found a large runed translucent door.
  8822 | Lair:6   | Found a large runed translucent door.
  8887 | Lair:6   | Noticed a four-headed hydra
  8889 | Lair:6   | Killed a four-headed hydra
  8889 | Lair:6   | Reached skill level 10 in Dodging
  9174 | Lair:6   | Killed a fire dragon
  9428 | Lair:2   | Reached skill level 10 in Invocations
  9482 | Lair:2   | Received a gift from Nemelex Xobeh
  9752 | D:12     | Received a gift from Nemelex Xobeh
  9807 | D:13     | Reached skill level 10 in Fighting
  9967 | D:13     | Found a gate leading to a gauntlet.
  9976 | Gauntlet | Entered a Gauntlet
  9976 | Gauntlet | Found a transporter.
  9976 | Gauntlet | Found a transporter.
  9978 | Gauntlet | Found a transporter.
  9978 | Gauntlet | Found a transporter.
  9991 | Gauntlet | Found a transporter.
 10012 | Gauntlet | Found a transporter.
 10018 | Gauntlet | Found a transporter.
 10018 | Gauntlet | Found a transporter.
 10022 | Gauntlet | Found a transporter.
 10022 | Gauntlet | Found a transporter.
 10026 | Gauntlet | Noticed a balrug
 10328 | Gauntlet | Got a coiled emerald amulet
 10339 | Gauntlet | Found a transporter.
 10339 | Gauntlet | Found a transporter.
 10341 | Gauntlet | Received a gift from Nemelex Xobeh
 10359 | Gauntlet | Identified the amulet of Galickyi {Inacc +Fly Str+5} (You
                  | found it in a Gauntlet)
 10469 | Gauntlet | Reached skill level 10 in Staves
 10482 | Gauntlet | Got an ancient helmet
 10486 | Gauntlet | Identified Gerch's Tome of Torrid Earth
 10496 | Gauntlet | Identified the cursed +0 helmet of Suxih {rC+ Slay+3} (You
                  | found it in a Gauntlet)
 10612 | Gauntlet | Identified the +6 short sword of Cheese {elec, rPois Int+4
                  | Dex+4}
 10612 | Gauntlet | Noticed a minotaur
 10629 | Gauntlet | Killed a minotaur
 10693 | D:13     | Reached skill level 10 in Armour
 10821 | D:12     | Reached XP level 14. HP: 76/110 MP: 21/21
 11070 | D:12     | Reached ****** piety under Nemelex Xobeh
 11178 | D:12     | Found a staircase to the Orcish Mines.
 11195 | Orc:1    | Entered Level 1 of the Orcish Mines
 11324 | Orc:1    | Received a gift from Nemelex Xobeh
 11353 | Orc:1    | Found a roughly hewn altar of Beogh.
 11508 | Orc:1    | Found Rudghutwu's Armour Emporium.
 11635 | Orc:1    | Found a frozen archway.
 11709 | Orc:2    | Entered Level 2 of the Orcish Mines
 12058 | Orc:2    | Received a gift from Nemelex Xobeh
 12305 | Orc:2    | Found a roughly hewn altar of Beogh.
 12399 | Orc:2    | Found Qyhecoma's Weapon Emporium.
 12531 | Orc:2    | Noticed an orc warlord
 12750 | Orc:2    | Found Oveal's Armour Shoppe.
 12863 | Orc:2    | Killed an orc warlord
 13207 | Orc:2    | Found a staircase to the Elven Halls.
 13307 | Orc:2    | Noticed an orc warlord
 13326 | Orc:2    | Killed an orc warlord
 13326 | Orc:2    | Reached XP level 15. HP: 79/119 MP: 23/23
 13389 | Orc:2    | Found a roughly hewn altar of Beogh.
 13399 | Orc:2    | Found Duyssusu's Jewellery Shop.
 14215 | Orc:2    | Bought the amulet "Qalip" {Acrobat rPois rF+} for 819 gold
                  | pieces
 14293 | Orc:2    | Found Remopif's Antique Armour Emporium.
 14379 | Orc:2    | Bought a masterwork helmet for 389 gold pieces
 14379 | Orc:2    | Identified the cursed +0 helmet of Bouhemif {rC+++ Str-2
                  | Dex+4} (You bought it in a shop on level 2 of the Orcish
                  | Mines)
 14506 | D:13     | Found a large runed translucent door.
 14506 | D:13     | Found a large runed translucent door.
 14506 | D:13     | Noticed ioannis32's ghost (journeyman DsBe)
 14518 | D:13     | Received a gift from Nemelex Xobeh
 14608 | D:15     | Entered Level 15 of the Dungeon
 14655 | D:15     | Found Jeixin's General Store.
 14663 | D:15     | Bought a potion of might for 64 gold pieces
 14779 | D:14     | Found Laisa's Blood Bar.
 15465 | D:14     | Found a gate to the Vaults.
 15990 | Elf:1    | Entered Level 1 of the Elven Halls
 16067 | Elf:1    | Noticed Azrael
 16306 | Elf:1    | Killed Azrael
 16342 | Elf:1    | Received a gift from Nemelex Xobeh
 16360 | Elf:1    | Noticed Kirke
 16481 | Elf:1    | Reached XP level 16. HP: 76/127 MP: 25/25
 16489 | Elf:1    | You fall into a shaft and drop 1 floor!
 16907 | Elf:2    | Reached skill level 5 in Stealth
 17150 | Elf:2    | Reached skill level 5 in Evocations
 17539 | Elf:2    | Received a gift from Nemelex Xobeh
 17878 | Elf:2    | Found a runed translucent gate.
 17878 | Elf:2    | Found a runed translucent gate.
 17878 | Elf:2    | Found a runed translucent gate.
 17963 | Elf:1    | HP: 2/129 [+2 dire flail of draining (21)]
 17963 | Elf:1    | Slain by a +2 dire flail of draining

Illustrated notes

Levels and vault maps discovered:
D:1:      dpeg_arrival_rhombus, layout_loops_corners
D:2:      layout_basic, zin_academy, minivault_25,
          chequers_serial_rivers_small_b
D:3:      layout_rooms, uniq_sigmund
D:4:      layout_rooms, lemuel_round_altar, nicolae_overflow_hidden_temple,
          minmay_temple_entry_metal_lava, serial_shops, shop, fedhas_altar_4,
          uniq_eustachio
D:5:      layout_cave_pools, minitemple, serial_shops, shop, nicolae_shop_trees,
          nicolae_shop_trees, first_ration, uniq_menkaure, uniq_edmund
D:6:      kennysheep_slugbush, layout_basic, nicolae_ossuary_entry_giza,
          trog_book
D:7:      layout_loops_cross, xom_shifter_show
D:8:      layout_rooms, kiku_gazebo_garden_becter, david_nohive_1, uniq_maurice
D:9:      layout_rooms
D:10:     layout_gridville, serial_shops, shop, corexii_leaking_fountain
D:11:     layout_stronghold, grunt_lair_entry_orc_guard_hut
D:12:     layout_loops_corners, orc_0_dummy, nicolae_wwwww,
          introduction_to_nature_1
D:13:     layout_roguey, ebering_ghost_disaster_area, gauntlet_entry_generic,
          kennysheep_generic_room_7
D:14:     hangedman_what_comes_after_a, layout_long_grid,
          grunt_vaults_entry_tiered, serial_shops, shop, guppyfry_shop_blood
D:15:     gammafunk_depths_entry_grave, layout_basic, serial_shops, shop,
          nicolae_shop_crystal, dk_noncrumbling_3
Temple:   nicolae_temple_great_sept
Lair:1:   layout_concentric_octagons, grunt_megastairs_2, uniq_joseph
Lair:2:   layout_roguey, minmay_shoals_entry_centaurs, serial_bayou,
          serial_bayou_crossing, serial_bayou_lagoon_a, serial_bayou_pond_e,
          serial_bayou_ford_a, serial_bayou_pond_b
Lair:3:   layout_regular_city, serial_bayou_pond_c, bh_autumn_forest_stairs,
          grunt_megastairs_5, uniq_fannar, uniq_gastronok, uniq_snorg
Lair:4:   layout_concentric_octagons, spider_nest_entry_web_field
Lair:5:   layout_cave_pods, nicolae_slime_entry_slimehenge
Lair:6:   cheibrodos_lair_end_hotspot, layout_big_grid
Orc:1:    layout_caves, serial_shops, shop_statue, basic_altar,
          portal_ice_cave_demonic_guard
Orc:2:    pubby_orc_utopia
Elf:1:    layout_loops_cross, basic_altar, serial_shops, shop,
          minmay_elf_annihilation, hangedman_elf_represent, minmay_shop_grove,
          uniq_kirke, uniq_aizul, uniq_azrael
Elf:2:    layout_onion_city

Skill      XL: |  1  2  3  4  5  6  7  8  9 10 11 12 13 14 15 16 |
---------------+-------------------------------------------------+-----
Stealth        | 1 2 3 4 5 |  5.8
Armour         | 1 2 3 4 5 6 7 9 10 11 12 | 12.0
Fighting       | 3 4 6 7 8 9 10 11 12 | 12.5
Dodging        | 4 5 6 7 8 9 10 11 12 | 12.8
Staves         | 4 5 6 7 9 10 11 12 | 12.5
Invocations    | 2 3 5 6 7 9 10 11 12 | 12.0
Throwing       | 4 |  4.0
Evocations     | 1 4 5 |  5.5

Action                   |  1- 3 |  4- 6 |  7- 9 | 10-12 | 13-15 | 16-18 || total
-------------------------+-------+-------+-------+-------+-------+-------++-------
Melee: Quarterstaff      |    67 |   108 |   341 |   679 |  1230 |   153 ||  2578
Throw: Throwing net      |       |     1 |     2 |       |       |       ||     3
       Dart              |       |       |       |     6 |     4 |       ||    10
       Boomerang         |       |       |       |       |       |     2 ||     2
Invok: Draw Destruction  |       |     5 |     1 |    13 |    40 |     1 ||    60
       Draw Escape       |       |     1 |     1 |       |       |       ||     2
       Draw Summoning    |       |       |       |     2 |       |     2 ||     4
       Deal Four         |       |       |       |       |     1 |       ||     1
Evoke: Wand              |       |       |     3 |    48 |    44 |       ||    95
       Lightning rod     |       |       |       |     2 |     8 |       ||    10
       Box of beasts     |       |       |       |       |     5 |       ||     5
  Use: Scroll            |       |     9 |    13 |    16 |     8 |     3 ||    49
       Potion            |       |     1 |     2 |     5 |     9 |       ||    17
 Stab: Sleeping          |     3 |       |     4 |    12 |     9 |       ||    28
       Held in net/web   |       |     1 |     1 |       |       |       ||     2
       Distracted        |       |     1 |     2 |     2 |     4 |       ||     9
       Paralysed         |       |       |       |     6 |     2 |       ||     8
  Eat: Chunk             |       |     2 |     6 |     9 |    22 |     4 ||    43
       Ration            |       |       |     1 |     2 |     2 |       ||     5
Armor: Leather armour    |    22 |     6 |       |       |       |       ||    28
       Ring mail         |       |    43 |    18 |       |       |       ||    61
       Shadow dragon sca |       |       |   172 |   358 |   451 |       ||   981
       Skin              |       |       |       |     6 |    28 |       ||    34
       Fire dragon scale |       |       |       |       |    14 |    43 ||    57
Dodge: Dodged            |    53 |    62 |   198 |   452 |   820 |    49 ||  1634
